 Dungeon Crawl Stone Soup version 0.31-a0-167-g1c394c0614 (webtiles) character file.

Game seed: 3128467015956754895

3159 qw the Cleaver (level 9, -2/59 HPs)
             Began as a Gargoyle Fighter on June 14, 2023.
             Was a Believer of Okawaru.
             Slain by a yak (12 damage)
             ... on level 8 of the Dungeon.
             The game lasted 00:02:23 (6448 turns).

qw the Cleaver (Gargoyle Fighter)                   Turns: 6448, Time: 00:02:24

Health: -2/59      AC: 21    Str: 31    XL:     9   Next: 94%
Magic:  9/12       EV: 11    Int:  8    God:    Okawaru [**....]
Gold:   312        SH:  6    Dex: 15    Spells: 8/8 levels left

rFire   . . .        Y - +3 war axe (flame)
rCold   . . .        c - +0 buckler
rNeg    + . .        k - +0 plate armour
rPois   inf          (no helmet)
rElec   +            (no cloak)
rCorr   .            (no gloves)
SInv    .            (no boots)
Will    +....        (no amulet) Stlth
                     h - +6 ring of strength
HPRegen 0.29/turn    f - +6 ring of dexterity
MPRegen 0.13/turn

%: clarity
@: about to teleport, heroic
A: sickness immunity, AC +6, negative energy resistance 1, electricity
resistance, torment resistance 1, petrification resistance, clarity,
strong-willed 1
a: Renounce Religion, Heroism


You were on level 8 of the Dungeon.
You worshipped Okawaru.
Okawaru was pleased with you.
You visited 2 branches of the dungeon, and saw 9 of its levels.
You also visited: Ossuary.

You collected 372 gold pieces.
You spent 60 gold pieces at shops.


Innate Abilities, Weirdness & Mutations

You are immune to sickness and miasma.
Your stone body is resilient. (AC +6)
You are immune to poison.
You resist negative energy. (rN+)
You are resistant to electric shocks. (rElec)
You are resistant to unholy torment.
You are immune to petrification.
You possess an exceptional clarity of mind.
You are strong-willed. (Will+)


   Skills:
 - Level 7.9(12.9) Fighting
 + Level 9.0(14.0) Axes
 - Level 2.4(7.4) Throwing
 - Level 5.1(10.1) Armour
 - Level 2.1(7.1) Dodging
 - Level 4.0(9.0) Shields
 - Level 4.0 Invocations


You had 8 spell levels left.
You didn't know any spells.
Your spell library was empty.

Inventory:

Hand Weapons
 Y - a +3 war axe of flaming (weapon)
Missiles
 b - 3 boomerangs (quivered)
Armour
 c - a +0 buckler (worn)
 k - a +0 plate armour (worn)
Jewellery
 f - a +6 ring of dexterity (right hand)
 h - a +6 ring of strength (left hand)
Scrolls
 g - a scroll of identify
Potions
 d - a potion of might
 j - a potion of lignification {unknown}
 l - 3 potions of attraction
 m - 4 potions of curing
 n - 2 potions of mutation

Dungeon Overview and Level Annotations

Branches:
Dungeon (8/15)             Temple (1/1) D:5         Ossuary (visited)
   Lair: D:8-11

Altars:
Ashenzari
Cheibriados
Dithmenos
Elyvilon
Fedhas
Gozag
Hepliaklqana
Kikubaaqudgha
Makhleb
Nemelex Xobeh
Okawaru
Qazlal
Ru
Sif Muna
Uskayaw
Vehumet
Wu Jian
Xom
Yredelemnul
Zin
The Shining One

Shops:
D:3 !


Message History

The yak gores you but does no damage. x2; The yak misses you.
The yak closely misses you.
You slash the yak! You burn the yak.
You kill the yak!
Okawaru accepts your kill.
You slash the yak! You burn the yak. You slash the yak! You burn the yak.
You slash the yak! You burn the yak. The yak closely misses you.
The yak completely misses you. The yak gores you but does no damage.
Your Invocations skill increases to level 4!
You closely miss the yak.
The yak is severely wounded.
You hit the yak. You burn the yak. You slash the yak! You burn the yak.
You slash the yak! You burn the yak.
You kill the yak!
Okawaru accepts your kill. The yak gores you! The yak gores you. x2
You barely miss the yak.
The yak is severely wounded.
You slash the yak! You burn the yak. You hit the yak. You burn the yak.
You slice the yak!! You burn the yak.
You kill the yak!
Okawaru accepts your kill.
You hit the yak. You burn the yak. You slash the yak! You burn the yak.
You kill the yak!
Okawaru is honoured by your kill.
Your base Fighting skill increases to level 7!
You slice the yak!! You burn the yak!
The yak is almost dead.
You slash the yak! You burn the yak. The yak gores you!
You completely miss the yak.
The yak is almost dead.
You slice the yak!! You burn the yak. The yak gores you but does no damage.
The yak gores you!
6448 ||| READING scroll of teleportation.
As you read the scroll of teleportation, it crumbles to dust.
You feel strangely unstable. The yak closely misses you. The yak gores you!
You die...

.. .. ..... . #...#
..####...##+###
...............
...............
.......%#Y......
...####.@YY..... ..
........%########
#.###...#........#..
##.......#.######.#.# .
........#.#......#.#
..........#....#.#.#.#
##...#.....#....#.#.#.#
?#...##...##....#...#.#
?#..............##..#.#


You could see 3 yaks.

Vanquished Creatures
  Grinder (D:3)
  7 yaks (D:8)
  Menkaure (D:7)
  Edmund (D:5)
  2 water moccasins
  A black bear (D:5)
  A sky beast (D:7)
  3 centaurs
  A phantom (D:5)
  A kobold brigand (D:6)
  3 scorpions
  3 wights (D:4)
  2 jellies (D:6)
  4 hounds
  An orc priest (D:6)
  A gnoll bouda (D:6)
  Ijyb (D:2)
  Terence (D:2)
  2 sleepcaps
  An iguana (D:5)
  2 orc wizards (D:4)
  3 gnolls (D:6)
  8 adders
  A shadow imp (D:5)
  An ufetubus (D:5)
  A worm (D:3)
  2 dart slugs
  10 orcs
  7 endoplasms
  3 giant cockroaches
  8 goblins
  5 hobgoblins
  10 kobolds
  A quokka (D:5)
  6 ball pythons
  2 bats
  2 frilled lizards
  2 gnoll skeletons (Ossuary)
  2 gnoll zombies (Ossuary)
  4 goblin skeletons (Ossuary)
  4 goblin zombies (Ossuary)
  4 hobgoblin skeletons (Ossuary)
  A hobgoblin zombie (Ossuary)
  A kobold skeleton (Ossuary)
  4 kobold zombies (Ossuary)
  2 orc skeletons (Ossuary)
  3 orc zombies (Ossuary)
  7 rats
  2 rat skeletons (Ossuary)
  5 rat zombies (Ossuary)
151 creatures vanquished.

Notes
Turn   | Place    | Note
-------+----------+-------------------------------------------
     0 | D:1      | qw the Gargoyle Fighter began the quest for the Orb.
     0 | D:1      | Reached XP level 1. HP: 14/14 MP: 1/1
     0 | D:1      | 0 ||| qw: Version: 0.2-a-29-g1fa15c8
     0 | D:1      | 0 ||| qw: Game counter: 5083
     0 | D:1      | 0 ||| qw: Always use a shield: true
     0 | D:1      | 0 ||| qw: God list: Okawaru
     0 | D:1      | 0 ||| qw: Allow faded altars: false
     0 | D:1      | 0 ||| qw: Do Orc after D:15 true
     0 | D:1      | 0 ||| qw: Do second Lair branch before Depths: true
     0 | D:1      | 0 ||| qw: Lair rune preference: random
     0 | D:1      | 0 ||| qw: Plans: Normal, Zot:1-4, Slime:5, God:TSO, Crypt,
                  | Tomb, Abyss, Pan, Hells, Win
     0 | D:1      | 0 ||| PLANNING D:1-11
    27 | D:1      | Reached skill level 2 in Axes
   115 | D:1      | 115 ||| Stepping ~*~*~tactically~*~*~ (hiding).
   119 | D:1      | 119 ||| Stepping ~*~*~tactically~*~*~ (hiding).
   127 | D:1      | Reached XP level 2. HP: 19/19 MP: 2/2
   973 | D:1      | 973 ||| UPGRADING to +6 ring of strength.
   974 | D:1      | 974 ||| READING scroll labelled REGAGGE ENYOLE.
  1075 | D:1      | 1075 ||| READING 3 scrolls labelled WOBOQO UDDAUMP.
  1076 | D:1      | 1076 ||| READING 2 scrolls labelled VAIHIKHL BUORCH.
  1077 | D:1      | 1077 ||| READING scroll labelled XIEZOD JEMPUEJ.
  1081 | D:1      | 1081 ||| READING scroll labelled PIEV AGUDD.
  1082 | D:1      | 1082 ||| DROPPING +0 mace.
  1083 | D:1      | 1083 ||| READING scroll labelled FAGOHIASTRUE.
  1084 | D:1      | 1084 ||| DRINKING 2 blue potions.
  1085 | D:1      | 1085 ||| READING 2 scrolls of identify.
  1085 | D:1      | 1085 ||| IDENTIFYING fuming inky potion
  1086 | D:1      | 1086 ||| DROPPING potion of degeneration.
  1087 | D:1      | 1087 ||| DROPPING scroll of noise.
  1225 | D:2      | Found an ancient bone altar of Kikubaaqudgha.
  1233 | D:2      | Reached skill level 3 in Axes
  1287 | D:2      | Reached XP level 3. HP: 20/23 MP: 3/3
  1327 | D:2      | Noticed Terence
  1330 | D:2      | Killed Terence
  1331 | D:2      | Reached XP level 4. HP: 28/28 MP: 4/4
  1479 | D:2      | Reached skill level 4 in Axes
  1585 | D:2      | 1585 ||| Stepping ~*~*~tactically~*~*~ (stealth).
  1585 | D:2      | Noticed Ijyb
  1600 | D:2      | HP: 7/28 [Ijyb/puff of flame (2)]
  1601 | D:2      | 1601 ||| READING scroll of teleportation.
  1603 | D:2      | Killed Ijyb
  1779 | D:2      | Reached XP level 5. HP: 32/32 MP: 5/5
  1996 | D:2      | 1996 ||| UPGRADING to +0 plate armour.
  2006 | D:2      | 2006 ||| DROPPING +0 scale mail.
  2007 | D:2      | 2007 ||| READING scroll labelled ONGIDGHE ENOM.
  2008 | D:2      | 2008 ||| READING scroll labelled AVEDOF INEIZOW.
  2009 | D:2      | 2009 ||| READING scroll labelled CEEMEX DYXUKH.
  2010 | D:2      | 2010 ||| READING 3 scrolls labelled NENYTT ICIERCHI.
  2011 | D:2      | 2011 ||| READING 2 scrolls of identify.
  2011 | D:2      | 2011 ||| IDENTIFYING purple potion
  2012 | D:2      | 2012 ||| DROPPING 2 scrolls of revelation.
  2013 | D:2      | 2013 ||| DROPPING potion of enlightenment.
  2051 | D:3      | 2051 ||| READING scroll of enchant weapon.
  2051 | D:3      | 2051 ||| ENCHANTING +1 war axe of flaming.
  2066 | D:3      | Found Wuricul's Distillery.
  2075 | D:3      | 2075 ||| BUYING 2 potions of curing (60 gold).
  2075 | D:3      | Bought 2 potions of curing for 60 gold pieces
  2075 | D:3      | 2075 ||| SHOPLISTING 2 potions of haste (200 gold, have
                  | 13).
  2075 | D:3      | 2075 ||| SHOPLISTING 2 potions of lignification (60 gold,
                  | have 13).
  2075 | D:3      | 2075 ||| SHOPLISTING 2 potions of might (80 gold, have 13).
  2075 | D:3      | 2075 ||| SHOPLISTING 2 potions of mutation (160 gold, have
                  | 13).
  2075 | D:3      | 2075 ||| SHOPLISTING potion of attraction (30 gold, have
                  | 13).
  2075 | D:3      | 2075 ||| SHOPLISTING potion of cancellation (80 gold, have
                  | 13).
  2075 | D:3      | 2075 ||| SHOPLISTING potion of heal wounds (50 gold, have
                  | 13).
  2091 | D:3      | Noticed Grinder
  2096 | D:3      | Paralysed by Grinder for 4 turns
  2100 | D:3      | Killed Grinder
  2101 | D:3      | Reached skill level 6 in Axes
  2101 | D:3      | Reached XP level 6. HP: 35/37 MP: 6/6
  2401 | D:4      | Reached skill level 1 in Throwing
  2490 | D:4      | Reached XP level 7. HP: 43/43 MP: 7/7
  2491 | D:4      | Reached skill level 1 in Dodging
  3095 | D:4      | 3095 ||| UPGRADING to +6 ring of dexterity.
  3096 | D:4      | 3096 ||| READING scroll labelled MUTOME IWNE.
  3097 | D:4      | 3097 ||| DRINKING 2 red potions.
  3098 | D:4      | 3098 ||| DRINKING 2 fizzy purple potions.
  3098 | D:4      | Gained mutation: You possess an exceptional clarity of
                  | mind. [potion of mutation]
  3098 | D:4      | Gained mutation: You are strong-willed. (Will+) [potion of
                  | mutation]
  3111 | D:5      | Entered Level 5 of the Dungeon
  3161 | D:5      | Noticed Edmund
  3176 | D:5      | Killed Edmund
  3177 | D:5      | Reached skill level 7 in Axes
  3320 | D:5      | Reached XP level 8. HP: 45/48 MP: 8/8
  3405 | D:5      | 3405 ||| READING scroll of enchant weapon.
  3405 | D:5      | 3405 ||| ENCHANTING +2 war axe of flaming.
  3590 | D:5      | Found a staircase to the Ecumenical Temple.
  3591 | D:5      | 3591 ||| PLANNING TEMPLE
  3598 | Temple   | Entered the Ecumenical Temple
  3671 | Temple   | 3671 ||| PLANNING D:1-11
  3965 | D:5      | Found a basalt altar of Yredelemnul.
  3998 | D:5      | Found a white marble altar of Elyvilon.
  4001 | D:5      | Found a shadowy altar of Dithmenos.
  4001 | D:5      | Found a glowing silver altar of Zin.
  4008 | D:5      | Found an iron altar of Okawaru.
  4009 | D:5      | 4009 ||| PLANNING OKAWARU WORSHIP
  4009 | D:5      | 4009 ||| READING 3 scrolls of identify.
  4009 | D:5      | 4009 ||| IDENTIFYING golden potion
  4010 | D:5      | 4010 ||| DROPPING potion of ambrosia.
  4015 | D:5      | Became a worshipper of Warmaster Okawaru
  4016 | D:5      | 4016 ||| PLANNING D:1-11
  4395 | D:6      | 4395 ||| Stepping ~*~*~tactically~*~*~ (hiding).
  4396 | D:6      | 4396 ||| Stepping ~*~*~tactically~*~*~ (hiding).
  4398 | D:6      | 4398 ||| Stepping ~*~*~tactically~*~*~ (hiding).
  4399 | D:6      | 4399 ||| Stepping ~*~*~tactically~*~*~ (hiding).
  4401 | D:6      | 4401 ||| Stepping ~*~*~tactically~*~*~ (hiding).
  4557 | D:6      | 4557 ||| Stepping ~*~*~tactically~*~*~ (hiding).
  4567 | D:6      | Reached skill level 8 in Axes
  4636 | D:6      | Reached skill level 6 in Fighting
  4660 | D:6      | 4660 ||| Stepping ~*~*~tactically~*~*~ (hiding).
  4732 | D:6      | Found an ornate altar of the Wu Jian Council.
  4737 | D:6      | Reached XP level 9. HP: 53/55 MP: 9/9
  4772 | D:6      | 4772 ||| Stepping ~*~*~tactically~*~*~ (stealth).
  4775 | D:6      | 4775 ||| Stepping ~*~*~tactically~*~*~ (hiding).
  4777 | D:6      | 4777 ||| Stepping ~*~*~tactically~*~*~ (hiding).
  4783 | D:6      | Reached * piety under Okawaru
  4784 | D:6      | 4784 ||| INVOKING Heroism.
  5096 | D:6      | 5096 ||| READING scroll labelled TECIUH WATIT.
  5097 | D:6      | 5097 ||| READING 2 scrolls of identify.
  5097 | D:6      | 5097 ||| IDENTIFYING fizzy red potion
  5098 | D:6      | 5098 ||| DROPPING potion of invisibility.
  5142 | D:7      | Noticed Menkaure
  5143 | D:7      | 5143 ||| PLANNING OSSUARY
  5148 | D:7      | Killed Menkaure
  5378 | D:7      | Found a sand-covered staircase.
  5388 | Ossuary  | Entered an ossuary
  5718 | D:7      | 5718 ||| PLANNING D:1-11
  5729 | D:7      | Reached skill level 1 in Invocations
  5770 | D:7      | Reached skill level 9 in Axes
  6421 | D:8      | Reached skill level 3 in Invocations
  6441 | D:8      | 6441 ||| INVOKING Heroism.
  6445 | D:8      | Reached ** piety under Okawaru
  6447 | D:8      | HP: 10/59 [yak (7)]
  6448 | D:8      | 6448 ||| READING scroll of teleportation.
  6448 | D:8      | Slain by a yak

Levels and vault maps discovered:
D:1:      lightli_arrival_isolated_outpost, layout_basic, serial_forest,
          infiniplex_forest_straight_4, infiniplex_forest_clump_curved,
          infiniplex_forest_clump_small, infiniplex_forest_clump_medium,
          infiniplex_forest_clump_long, infiniplex_forest_split,
          infiniplex_forest_straight_1, infiniplex_forest_straight_2
D:2:      kennysheep_the_goblin_king, layout_basic, basic_altar, st_stairs_7,
          uniq_terence
D:3:      layout_rooms, serial_shops, shop, uniq_grinder
D:4:      layout_rooms, serial_corexii_hall, chequers_hall_statues_corner_a,
          chequers_hall_statues_wall_a, corexii_hall_statues_x,
          corexii_hall_statues_l, chequers_hall_statues_y,
          corexii_hall_statues_s
D:5:      layout_basic, nicolae_overflow_hallway_of_the_gods,
          minmay_temple_entry_crystal_x, hangedman_decor_slide_cut, uniq_edmund
D:6:      layout_loops_ring, mainiacjoe_overflow_24_doors
D:7:      layout_basic, enter_ossuary_1, serial_park_tiny_1, uniq_menkaure
D:8:      layout_basic, mainiacjoe_overflow_brackets, due_unseen_surprise
Temple:   regret_index_temple_waves

Skill      XL: |  1  2  3  4  5  6  7  8  9 |
---------------+----------------------------+-----
Axes           | 2 3 4 6 7 8 9 |  9.0
Throwing       | 1 2 |  2.4
Fighting       | 4 6 7 |  7.9
Dodging        | 1 2 |  2.1
Armour         | 4 5 |  5.1
Invocations    | 4 |  4.0
Shields        | 4 |  4.0

Action                     |  1- 3 |  4- 6 |  7- 9 || total
---------------------------+-------+-------+-------++-------
  Melee: War axe           |    59 |    71 |   136 ||   266
  Throw: Javelin           |       |     7 |    71 ||    78
         Boomerang         |       |       |    47 ||    47
 Invoke: Heroism           |       |       |     2 ||     2
    Use: Scroll            |     7 |     7 |     6 ||    20
         Potion            |     1 |       |     2 ||     3
 Armour: Scale mail        |    26 |    25 |       ||    51
         Plate armour      |       |    25 |    84 ||   109
  Dodge: Dodged            |    25 |    38 |    60 ||   123
  Block: Buckler           |    11 |     7 |    17 ||    35

Table legend:
 A = Non-vault XP
 B = Vault XP
 C = Vault XP percentage of total XP
 D = Non-vault monster count
 E = Vault monster count
 F = Vault count percentage of total count
                 A         B        C        D         E       F
            +---------+---------+-------+---------+---------+-------
      Total |    3769 |     745 |  16.5 |     105 |      46 |  30.5
            +---------+---------+-------+---------+---------+-------
        D:1 |      25 |       0 |   0.0 |      15 |       0 |   0.0
        D:2 |      55 |      97 |  63.8 |      15 |       9 |  37.5
        D:3 |      24 |     272 |  91.9 |       5 |       1 |  16.7
        D:4 |     328 |       0 |   0.0 |      19 |       0 |   0.0
        D:5 |     628 |     169 |  21.2 |      12 |       1 |   7.7
        D:6 |     879 |       0 |   0.0 |      25 |       0 |   0.0
        D:7 |     410 |     172 |  29.6 |       4 |       1 |  20.0
        D:8 |    1420 |       0 |   0.0 |      10 |       0 |   0.0
    Ossuary |       0 |      35 | 100.0 |       0 |      34 | 100.0
            +---------+---------+-------+---------+---------+-------
